[Event "*** SCC Grand Prix: Titled Tuesday Blitz"]
[Site "Chess.com"]
[Date "2020.07.21"]
[Round "6"]
[White "chesstrainer2042"]
[Black "Korchmar_Vasiliy"]
[Result "1-0"]
[WhiteElo "2478"]
[BlackElo "2618"]
[TimeControl "180+1"]
[EndTime "11:05:41 PDT"]
[Termination "chesstrainer2042 won by checkmate"]

1. e4 e6 2. d4 d5 3. Nd2 dxe4 4. Nxe4 Nf6 5. Nxf6+ gxf6 6. Nf3 b6 7. g3 Bb7 8. Bg2 c5 9. O-O Nc6 10. Be3 h5 11. c3 h4 12. Qa4 h3 13. Bh1 Qd7 14. Rad1 O-O-O 15. dxc5 Qc7 16. cxb6 axb6 17. Rxd8+ Qxd8 18.
Rd1 Qc7 19. Nd4 Nxd4 20. Qe8+ Qd8 21. Bxb7+ Kc7 22. Qxd8+ Kxd8 23. Bxd4 Kc7 24. Bf3 Be7 25. Be3 Ra8 26. Bxa8 f5 27. Kf1 Bd6 28. Ke2 b5 29. Bf3 Ba3 30. Bf4+ Bd6 31. Rxd6 e5 32. Bxe5 f4 33.
Bxf4 f5 34. Kd3 b4 35. cxb4 Kc8 36. b5 Kb8 37. Rd8+ Ka7 38. Be3# 1-0

[Event "*** SCC Grand Prix: Titled Tuesday Blitz"]
[Site "Chess.com"]
[Date "2020.07.21"]
[Round "6"]
[White "TudorAnton"]
[Black "DishonorOnYourCow"]
[Result "1-0"]
[WhiteElo "2510"]
[BlackElo "2319"]
[TimeControl "180+1"]
[EndTime "11:05:41 PDT"]
[Termination "TudorAnton won on time"]

1. d4 Nf6 2. c4 g6 3. Nf3 Bg7 4. g3 d5 5. cxd5 Nxd5 6. Bg2 O-O 7. O-O Nb6 8. Nc3 Nc6 9. e3 Re8 10. h3 e5 11. d5 Na5 12. e4 c6 13. Bg5 f6 14.
Be3 Nac4 15. Bxb6 Qxb6 16. b3 Nd6 17. dxc6 Qxc6 18. Rc1 Bh6 19. Nd5 Bxc1 20. Nxf6+ Kg7 21. Nxe8+ Nxe8 22. Qxc1 Qxe4 23. Re1 Qc6 24. Qb2 Qc7 25. Nxe5 Nf6 26. g4 Kg8 27. Nxg6 Qf7 28. Ne7+ Kf8 29. g5 Ng8 30. Bd5 Qg7 31. Qxg7+ Kxg7 32. Nxg8 Bxh3 33. Re7+ Kg6 34. f4 Rf8 35. Be4+ Kh5 36. Nf6+ Kh4 37. Rxh7+ Kg3 38. Rxh3+ Kxh3 39. g6 1-0

[Event "*** SCC Grand Prix: Titled Tuesday Blitz"]
[Site "Chess.com"]
[Date "2020.07.21"]
[Round "6"]
[White "harlem4brew"]
[Black "Parkas"]
[Result "0-1"]
[WhiteElo "2112"]
[BlackElo "2336"]
[TimeControl "180+1"]
[EndTime "11:05:41 PDT"]
[Termination "Parkas won by resignation"]

1. d4 g6 2. Nf3 Bg7 3. e4 d6 4. Nc3 Nf6 5. Be2 O-O 6. O-O e6 7. h3 Nc6 8. Be3 b6 9. a3 Bb7 10. Nd2 Ne7 11. Bd3 c5 12. e5 dxe5 13. dxe5 Nfd5 14.
Nc4 Nxe3 15. fxe3 Nc6 16. Nd6 Qc7 17. Ncb5 Qb8 18. Be4 Bxe5 19. Nxb7 Qxb7 20. Qf3 Rac8 21. Rab1 a6 22. Nc3 Qc7 23. Ne2 Ne7 24. Nf4 Rcd8 25.
Bd3 c4 26. Be2 Nf5 27. Kh1 Rd2 28. Qe4 Bxf4 29. Qxf4 Qxf4 30. Rxf4 Rxe2 31. Rxc4 Rxg2 32. e4 Ne3 33. Rc3 Re2 34. Rb3 Rd8 35. c4 Rdd2 0-1

[Event "*** SCC Grand Prix: Titled Tuesday Blitz"]
[Site "Chess.com"]
[Date "2020.07.21"]
[Round "6"]
[White "Micki-taryan"]
[Black "Jumbo"]
[Result "1-0"]
[WhiteElo "3045"]
[BlackElo "2862"]
[TimeControl "180+1"]
[EndTime "11:05:42 PDT"]
[Termination "Micki-taryan won by resignation"]

1. Nf3 Nf6 2. e3 g6 3. b3 Bg7 4.
Bb2 b6 5. c4 Bb7 6. Nc3 O-O 7.
Be2 e6 8. O-O c5 9. d4 Qe7 10. Rc1 Rd8 11. Ba3 d6 12. Qd2 Ne4 13.
Nxe4 Bxe4 14. Rfd1 Na6 15. Bb2 d5 16. cxd5 Nb4 17. dxc5 Bxb2 18. Qxb2 Nxd5 19. c6 Rac8 20. Ne5 f6 21. Nd7 e5 22. f3 Nxe3 23. Nxf6+ Qxf6 24.
Rxd8+ Qxd8 25. fxe4 Qg5 26. Bf3 Rc7 27. Qd2 Qf4 28.
Qd8+ 1-0

[Event "*** SCC Grand Prix: Titled Tuesday Blitz"]
[Site "Chess.com"]
[Date "2020.07.21"]
[Round "6"]
[White "MasterKroket"]
[Black "Sashadav97"]
[Result "0-1"]
[WhiteElo "2410"]
[BlackElo "2604"]
[TimeControl "180+1"]
[EndTime "11:05:42 PDT"]
[Termination "Sashadav97 won by resignation"]

1. d4 Nf6 2. c4 e6 3. Nf3 c5 4. d5 d6 5. Nc3 g6 6. e4 Bg7 7. h3 O-O 8. Bd3 Nbd7 9. O-O e5 10. a3 h6 11. b4 b6 12. Qa4 Ne8 13. Be3 f5 14. bxc5 f4 15. c6 fxe3 16. cxd7 Bxd7 17. Qb4 Bxh3 18. fxe3 Bd7 19. Nb5 Qe7 20. Rf2 h5 21. Raf1 Bh6 22. Qd2 Kg7 23. Nh2 Rxf2 24. Qxf2 a6 25. Nc3 Nf6 26. Nd1 b5 27. Qc2 Rc8 28. Qb1 bxc4 29. Bc2 c3 30. Qb7 Rc5 31. Ba4 c2 0-1

[Event "*** SCC Grand Prix: Titled Tuesday Blitz"]
[Site "Chess.com"]
[Date "2020.07.21"]
[Round "6"]
[White "Fighter008"]
[Black "killer311"]
[Result "0-1"]
[WhiteElo "2565"]
[BlackElo "2404"]
[TimeControl "180+1"]
[EndTime "11:05:45 PDT"]
[Termination "killer311 won by resignation"]

1. e4 c5 2. Nf3 Nc6 3. Bb5 g6 4. O-O Bg7 5. c3 e5 6. d3 Nge7 7. Be3 d6 8. h3 O-O 9. d4 cxd4 10. cxd4 exd4 11. Nxd4 a6 12. Ba4 b5 13. Bb3 Bb7 14.
Nc3 Rc8 15. Nxc6 Bxc6 16. Qd2 b4 17. Nd5 Nxd5 18. exd5 Bb5 19. Rfc1 a5 20. Rxc8 Qxc8 21. Rc1 Qf5 22. Bd4 Rc8 23. Bxg7 Kxg7 24. Rxc8 Qxc8 25. Qf4 Qc5 26. Qe4 Qc1+ 27. Kh2 Qxb2 28. f4 a4 29. Bd1 Qc3 30. h4 b3 31. axb3 axb3 32. h5 Bc4 33. h6+ Kxh6 34. Qe7 b2 35. g4 Kg7 36. Qe4 Bd3 37. Qe3 b1=Q 38. f5 Qbb2+ 0-1

[Event "*** SCC Grand Prix: Titled Tuesday Blitz"]
[Site "Chess.com"]
[Date "2020.07.21"]
[Round "6"]
[White "Evachess2006"]
[Black "TioCridineno"]
[Result "0-1"]
[WhiteElo "1605"]
[BlackElo "2174"]
[TimeControl "180+1"]
[EndTime "11:05:45 PDT"]
[Termination "TioCridineno won on time"]

1. e4 c5 2. c3 g6 3. d4 cxd4 4. cxd4 d5 5. e5 Bg7 6. Nc3 Nc6 7. Bb5 e6 8. Nf3 Bd7 9. O-O Nce7 10. Qa4 h6 11. Bxd7+ Qxd7 12. Nb5 Kf8 13. Bd2 Nc6 14. Qa3+ Nge7 15. Bb4 Nxb4 16. Qxb4 Kg8 17. Qd6 Rd8 18. Qxd7 Rxd7 19. Rac1 Nc6 20. Nc3 Kh7 21. Ne2 Rc8 22.
a3 Rdc7 23. Rc3 Na5 24. Rfc1 Rxc3 25. Rxc3 Rxc3 26. Nxc3 Nc4 27. Nd1 g5 28. a4 Bf8 29.
b3 Na5 30. Nc3 Nxb3 31. Nb5 a6 32. Nc7 Kg6 33. Kf1 Be7 34. Ke2 Bd8 35. Ne8 Na5 36. Nd6 b6 37. h3 Nc4 0-1

[Event "*** SCC Grand Prix: Titled Tuesday Blitz"]
[Site "Chess.com"]
[Date "2020.07.21"]
[Round "6"]
[White "arminmusovic"]
[Black "talaicito"]
[Result "1-0"]
[WhiteElo "2523"]
[BlackElo "2076"]
[TimeControl "180+1"]
[EndTime "11:05:46 PDT"]
[Termination "arminmusovic won on time"]

1. a3 e5 2. Nc3 d5 3. d4 e4 4. Bf4 c6 5. f3 Nf6 6. Qd2 Be7 7. e3 O-O 8. Nge2 b5 9. fxe4 dxe4 10. Ng3 Re8 11. Be2 Bd6 12. O-O Nd5 13. Nxd5 cxd5 14. Bxb5 Bd7 15. Bxd7 Qxd7 16. Bxd6 Qxd6 17. Nf5 Qg6 18.
Rf4 Nd7 19. Raf1 Nf6 20. Qa5 h5 21. h3 Re6 22. Qc7 Kh7 23. Nh4 Qg3 24. Qxf7 Qxe3+ 25. Kh1 Rb6 26. Nf5 1-0

[Event "*** SCC Grand Prix: Titled Tuesday Blitz"]
[Site "Chess.com"]
[Date "2020.07.21"]
[Round "6"]
[White "Violord"]
[Black "PlotnikovPavel"]
[Result "1-0"]
[WhiteElo "2635"]
[BlackElo "2460"]
[TimeControl "180+1"]
[EndTime "11:05:48 PDT"]
[Termination "Violord won by resignation"]

1. Nf3 e6 2. g3 d5 3. Bg2 Nf6 4. O-O Be7 5. d3 O-O 6. b3 c5 7. e3 Nc6 8. Bb2 b5 9. Nbd2 a5 10. c4 Ba6 11. Rc1 Qb6 12. cxd5 exd5 13. Nh4 Bc8 14.
d4 cxd4 15. exd4 Nxd4 16. Ndf3 Nxf3+ 17. Qxf3 Be6 18. Nf5 Bxf5 19. Qxf5 Qe6 20. Qd3 Ne4 21. Qxb5 a4 22. Rc6 Qd7 23. Bxe4 dxe4 24. Qe5 f6 25. Qxe4 axb3 26. axb3 Rfe8 27. Re1 Bf8 28. Qc4+ Qf7 29. Rxe8 Rxe8 30. Bd4 Rb8 31. Rc7 Qxc4 32. bxc4 Rd8 33. Be3 Bb4 34. c5 Bd2 35. c6 Bxe3 36. fxe3 Rd2 37.
Rd7 1-0

[Event "*** SCC Grand Prix: Titled Tuesday Blitz"]
[Site "Chess.com"]
[Date "2020.07.21"]
[Round "6"]
[White "MestreSoares"]
[Black "PawnEatingZombie"]
[Result "1-0"]
[WhiteElo "2086"]
[BlackElo "2228"]
[TimeControl "180+1"]
[EndTime "11:05:48 PDT"]
[Termination "MestreSoares won by resignation"]

1. Nf3 d5 2. b3 Bg4 3. Bb2 e6 4. e3 Nf6 5. Be2 Nbd7 6. O-O Bd6 7. d4 O-O 8. h3 Bh5 9. c4 c6 10. Nc3 Re8 11. Rc1 Qe7 12. Qc2 Bg6 13. Bd3 Bxd3 14. Qxd3 Rad8 15. Rfd1 Ba3 16. cxd5 Bxb2 17. dxc6 bxc6 18.
Rc2 Bxc3 19. Qxc3 Rc8 20. Qa5 c5 21. Qxa7 cxd4 22. Rxc8 Rxc8 23. Nxd4 Qc5 24. Qa4 h6 25. Nf3 Ne5 26. Nxe5 Qxe5 27. b4 Ne4 28. Qa6 Rc2 29. Rf1 Qf5 30. f3 Qg5 31. Qa8+ 1-0

[Event "*** SCC Grand Prix: Titled Tuesday Blitz"]
[Site "Chess.com"]
[Date "2020.07.21"]
[Round "6"]
[White "SiddharthGMJagadeesh"]
[Black "vitnik2020"]
[Result "1-0"]
[WhiteElo "2566"]
[BlackElo "2330"]
[TimeControl "180+1"]
[EndTime "11:05:53 PDT"]
[Termination "SiddharthGMJagadeesh won by resignation"]

1. d4 d5 2. c4 e6 3. Nf3 Nf6 4. Bf4 Be7 5. e3 O-O 6. Nbd2 b6 7. Bd3 Bb7 8. O-O c5 9. cxd5 Nxd5 10. Bg3 Nc6 11. a3 cxd4 12. exd4 Bf6 13. Ne4 Bxd4 14. Nd6 Qe7 15. Nxb7 Qxb7 16. Nxd4 Nxd4 17. Bxh7+ Kxh7 18. Qxd4 Rfd8 19. Rad1 Nf6 20. Qh4+ Kg8 21. Be5 Qe7 22.
Rc1 Rd7 23. Rc3 Nd5 24. Qxe7 Nxe7 25. Rc2 Rad8 26. g3 Rd2 27. Rfc1 Nf5 28. Rxd2 Rxd2 29.
Rc8+ Kh7 30. Rc7 Nd4 31. Bxd4 Rxd4 32. Rxf7 Rd2 33. b4 a5 34. Rb7 Ra2 35. Rxb6 Rxa3 36.
bxa5 1-0

[Event "*** SCC Grand Prix: Titled Tuesday Blitz"]
[Site "Chess.com"]
[Date "2020.07.21"]
[Round "6"]
[White "GelmanAlexander"]
[Black "kasparicy"]
[Result "1-0"]
[WhiteElo "2574"]
[BlackElo "2345"]
[TimeControl "180+1"]
[EndTime "11:05:54 PDT"]
[Termination "GelmanAlexander won by resignation"]

1. c4 f5 2. Nf3 Nc6 3. d4 e6 4.
d5 exd5 5. cxd5 Nce7 6. d6 cxd6 7.
Nc3 Nf6 8. Bg5 Nc6 9. e4 fxe4 10. Nxe4 Qa5+ 11. Bd2 Qf5 12. Nxf6+ Qxf6 13. Bc4 Ne5 14. Qe2 Be7 15. Bc3 b5 16. Nxe5 dxe5 17. Bxe5 Qg5 18. f4 Qg6 19. Bd5 Rb8 20. Bxb8 Kd8 21. O-O Re8 22.
Qxb5 1-0

[Event "*** SCC Grand Prix: Titled Tuesday Blitz"]
[Site "Chess.com"]
[Date "2020.07.21"]
[Round "6"]
[White "TheWolfSpur"]
[Black "MVM2008"]
[Result "1-0"]
[WhiteElo "2380"]
[BlackElo "2177"]
[TimeControl "180+1"]
[EndTime "11:05:55 PDT"]
[Termination "TheWolfSpur won by resignation"]

1. d4 Nf6 2. c4 e6 3. Nf3 b6 4. g3 Bb7 5. Bg2 d5 6. O-O c6 7. Nc3 Nbd7 8. b3 Be7 9. Qd3 O-O 10. Rd1 Rc8 11. e4 dxe4 12. Nxe4 Nxe4 13. Qxe4 Nf6 14. Qe2 c5 15. dxc5 Qc7 16. cxb6 Qxb6 17. Be3 Qa5 18. Nd4 Bxg2 19. Kxg2 Ne4 20. Qf3 Ng5 21. Qb7 Bf6 22.
h4 Rc7 23. Qb5 Qxb5 24. Nxb5 Bxa1 25. Rxa1 Rb7 26. hxg5 a6 27. Nd6 Rd7 28. c5 f6 29.
gxf6 Rxf6 30. Rc1 Rf8 31. Rc4 Rc7 32. b4 Rd8 33. Bf4 Rc6 34. a4 Rb8 35. b5 1-0

[Event "*** SCC Grand Prix: Titled Tuesday Blitz"]
[Site "Chess.com"]
[Date "2020.07.21"]
[Round "6"]
[White "pfalcon1949"]
[Black "KaspMagAlpha"]
[Result "0-1"]
[WhiteElo "2000"]
[BlackElo "2222"]
[TimeControl "180+1"]
[EndTime "11:05:55 PDT"]
[Termination "KaspMagAlpha won by resignation"]

1. d4 Nf6 2. c4 e6 3. Nc3 Bb4 4. Qc2 O-O 5. e4 d5 6. e5 Ne4 7.
Bd3 c5 8. Ne2 cxd4 9. a3 Bxc3+ 10. bxc3 dxc3 11. Nxc3 Nd7 12. Bb2 Nxe5 13. Nxe4 Nxd3+ 14. Qxd3 dxe4 15. Qxe4 Qa5+ 16. Kf1 Qd2 17. Rb1 Bd7 18. h4 Bc6 19. Qg4 Qd3+ 20. Kg1 Qxb1+ 21. Kh2 Qxb2 22. h5 Qe5+ 23. f4 Qe4 24. h6 g6 25.
Qg5 Rad8 26. Rg1 Rd2 27. Kh1 Rxg2 28. Rxg2 Qxg2+ 29. Qxg2 Bxg2+ 30. Kxg2 Rc8 0-1

[Event "*** SCC Grand Prix: Titled Tuesday Blitz"]
[Site "Chess.com"]
[Date "2020.07.21"]
[Round "6"]
[White "Chopper1905"]
[Black "BilguunSu"]
[Result "0-1"]
[WhiteElo "2878"]
[BlackElo "2635"]
[TimeControl "180+1"]
[EndTime "11:05:56 PDT"]
[Termination "BilguunSu won by checkmate"]

1. f4 d5 2. Nf3 h5 3. e3 h4 4. b3 h3 5. Bb2 hxg2 6. Bxg2 Nf6 7. Nc3 c6 8. Qe2 a5 9. O-O-O e6 10. Ne5 a4 11. bxa4 Nbd7 12. Nxd7 Bxd7 13. Bf3 b5 14. axb5 cxb5 15. f5 b4 16. fxe6 fxe6 17. Nb5 Rxa2 18. Nd4 Qa5 19. Nb3 Qa4 20. Rdg1 Bb5 21. Qg2 Bc4 22.
Qg6+ Ke7 23. Bd1 Rxb2 24. Kxb2 Qa3+ 25. Kb1 Ne4 26. Rg2 Nc3+ 27. dxc3 bxc3 28. Qg5+ Kd7 29. Nc5+ Qxc5 30. Bg4 Qb4+ 31. Kc1 Qb2+ 32. Kd1 Qb1# 0-1

[Event "*** SCC Grand Prix: Titled Tuesday Blitz"]
[Site "Chess.com"]
[Date "2020.07.21"]
[Round "6"]
[White "Man-Chuk"]
[Black "GregShahade"]
[Result "1-0"]
[WhiteElo "2851"]
[BlackElo "2703"]
[TimeControl "180+1"]
[EndTime "11:05:57 PDT"]
[Termination "Man-Chuk won by resignation"]

1. e4 e5 2. Nf3 Nc6 3. Bc4 Nf6 4. d3 Bc5 5. Bg5 a6 6. a4 h6 7. Bh4 d6 8. c3 Ba7 9. Nbd2 g5 10.
Bg3 Nh5 11. Nxe5 Nxg3 12. Bxf7+ Ke7 13. Ng6+ Kxf7 14. Nxh8+ Qxh8 15. hxg3 Qf6 16. d4 Kg7 17. O-O Bd7 18. f4 Rf8 19. fxg5 Qxg5 20. Rxf8 Kxf8 21. Qf3+ Ke7 22. Rf1 Be8 23. Nc4 Qg7 24. Ne3 Bg6 25. Nd5+ Kd7 26. Qg4+ Kd8 27. Rf6 Ne5 28. Qf4 Ke8 29.
Kh1 Nd7 30. Nxc7+ Kd8 31. Ne6+ Ke7 32. Nxg7 Nxf6 33. Nf5+ 1-0

[Event "*** SCC Grand Prix: Titled Tuesday Blitz"]
[Site "Chess.com"]
[Date "2020.07.21"]
[Round "6"]
[White "Cambek64"]
[Black "chalowey97"]
[Result "1-0"]
[WhiteElo "2346"]
[BlackElo "2122"]
[TimeControl "180+1"]
[EndTime "11:05:57 PDT"]
[Termination "Cambek64 won by resignation"]

1. e4 e6 2. d4 d5 3. Nc3 Bb4 4. e5 Ne7 5. Bd2 c5 6. Nb5 Bxd2+ 7.
Qxd2 O-O 8. c3 f6 9. f4 Nbc6 10. Nf3 fxe5 11. fxe5 Ng6 12. Bd3 Nf4 13. O-O b6 14.
Nd6 a5 15. Rf2 Ba6 16. Bxa6 Rxa6 17. Raf1 cxd4 18. Nxd4 Nxd4 19. Qxd4 Ng6 20. c4 Rxf2 21. Rxf2 dxc4 22. Qxc4 Ra7 23. Qxe6+ Kh8 24. Nf7+ Rxf7 25. Qxf7 Ne7 26. Qf8+ Qxf8 27. Rxf8+ Ng8 28. e6 g6 29. e7 Kg7 30. Rxg8+ Kxg8 31. e8=Q+ 1-0

[Event "*** SCC Grand Prix: Titled Tuesday Blitz"]
[Site "Chess.com"]
[Date "2020.07.21"]
[Round "6"]
[White "PavelChernomordik"]
[Black "nocnypako"]
[Result "1-0"]
[WhiteElo "2360"]
[BlackElo "2558"]
[TimeControl "180+1"]
[EndTime "11:05:59 PDT"]
[Termination "PavelChernomordik won by resignation"]

1. e4 e6 2. Qe2 d5 3. exd5 Qxd5 4. Nc3 Qa5 5. Nf3 Nf6 6. g3 Bb4 7. Bg2 O-O 8. O-O Nc6 9. a3 Bxc3 10. bxc3 Rb8 11. Rb1 b6 12. d4 Ba6 13. c4 Rbd8 14.
Bb2 Qa4 15. Ne5 Nxe5 16. Qxe5 Bxc4 17. Rfe1 Bd5 18. Qxc7 Bxg2 19. Kxg2 Nd5 20. Qe5 Qxc2 21. Ba1 Qa2 22. h4 Qxa3 23. h5 Qd6 24. Qg5 h6 25.
Qg4 Rc8 26. Re2 Nc3 27. Bxc3 Qd5+ 28. Kh2 Rxc3 29. Rd1 a5 30. Re5 Qc4 31. Qe4 a4 32. g4 Rc2 33. Kg3 Qb3+ 34. Rd3 Rc3 35. Rxc3 Qxc3+ 36. f3 a3 37. g5 hxg5 38. Rxg5 Qc7+ 39. Kh3 Qe7 40. Rg2 f5 41. Qe5 Qf6 42. Qd6 Qh6 43.
Kh4 a2 44. Rxa2 g5+ 45. Kg3 Qxh5 46. Qxe6+ Rf7 47. Ra8+ Kh7 48. Qe8 f4+ 49. Kg2 1-0

[Event "*** SCC Grand Prix: Titled Tuesday Blitz"]
[Site "Chess.com"]
[Date "2020.07.21"]
[Round "6"]
[White "FairChess_on_YouTube"]
[Black "AlexTriapishko"]
[Result "1-0"]
[WhiteElo "2985"]
[BlackElo "2635"]
[TimeControl "180+1"]
[EndTime "11:06:03 PDT"]
[Termination "FairChess_on_YouTube won on time"]

1. e4 c6 2. Nf3 d5 3. d3 Bg4 4.
h3 Bxf3 5. Qxf3 e6 6. g3 Nd7 7.
Bg2 Bd6 8. O-O Ne7 9. Qe2 O-O 10. Nd2 e5 11. Nf3 a5 12. a4 Re8 13. b3 Nc5 14. Bb2 d4 15. Nh4 Ne6 16. Bc1 b5 17.
Nf5 Bc7 18. Qg4 g6 19. f4 exf4 20. gxf4 Kh8 21. Nh6 Rf8 22. f5 Qd6 23. Rf3 Qh2+ 24. Kf2 Ng8 25. fxe6 fxe6 26. Nf7+ Kg7 27. Ng5 Rae8 28.
Ba3 1-0

[Event "*** SCC Grand Prix: Titled Tuesday Blitz"]
[Site "Chess.com"]
[Date "2020.07.21"]
[Round "6"]
[White "GMBenjaminBok"]
[Black "knightmare7724"]
[Result "1-0"]
[WhiteElo "2864"]
[BlackElo "2600"]
[TimeControl "180+1"]
[EndTime "11:06:04 PDT"]
[Termination "GMBenjaminBok won on time"]

1. c4 Nf6 2. Nc3 g6 3. d4 Bg7 4.
e4 d6 5. Nf3 O-O 6. Be2 e5 7. O-O Nc6 8. d5 Ne7 9. b4 a5 10. bxa5 Nd7 11. Nd2 f5 12. Nb3 fxe4 13. Nxe4 Nf5 14. Ba3 Nd4 15. c5 Nf6 16. Bd3 Nxe4 17.
Bxe4 Qh4 18. f3 Bf5 19. Qd3 Bh6 20. g3 Qg5 21. cxd6 Bxe4 22. fxe4 Qe3+ 23. Qxe3 Bxe3+ 24. Kg2 cxd6 25. Bxd6 1-0

[Event "*** SCC Grand Prix: Titled Tuesday Blitz"]
[Site "Chess.com"]
[Date "2020.07.21"]
[Round "6"]
[White "maciejos95"]
[Black "124chess"]
[Result "0-1"]
[WhiteElo "2485"]
[BlackElo "2687"]
[TimeControl "180+1"]
[EndTime "11:06:05 PDT"]
[Termination "124chess won by resignation"]

1. e4 e6 2. d4 d5 3. Nd2 Nc6 4. Ngf3 Nf6 5. exd5 exd5 6. Bb5 Bd6 7. O-O O-O 8. h3 Ne7 9. Bd3 Bf5 10. Bxf5 Nxf5 11. Re1 Re8 12. Nf1 Rxe1 13. Qxe1 Qd7 14. Bg5 Re8 15. Qa5 Ne4 16. Qxa7 Qb5 17. Re1 Qxb2 18.
Qa4 b5 19. Qb3 Qxb3 20. axb3 Kf8 21. Be3 Bb4 22. Ra1 Nc3 23. Ra7 Bd6 24. g4 Ne2+ 25. Kg2 Nxe3+ 26. Nxe3 Nf4+ 27. Kf1 g6 28. h4 Ke7 29.
Ne5 f6 30. Nd3 Nxd3 31. cxd3 Ke6 32. Rb7 b4 33. Rb5 Ra8 34. Kg2 Ra3 35. Nf1 Rxb3 36.
Rb8 Rxd3 37. Rh8 Rxd4 38. Rxh7 b3 39. Ne3 b2 0-1

[Event "*** SCC Grand Prix: Titled Tuesday Blitz"]
[Site "Chess.com"]
[Date "2020.07.21"]
[Round "6"]
[White "ichangedmyname_yup"]
[Black "Yoshikrov"]
[Result "0-1"]
[WhiteElo "2324"]
[BlackElo "2133"]
[TimeControl "180+1"]
[EndTime "11:06:07 PDT"]
[Termination "Yoshikrov won on time"]

1. e4 c5 2. Nf3 d6 3. d4 cxd4 4.
Nxd4 Nf6 5. Nc3 a6 6. Bc4 e6 7.
Bb3 Be7 8. O-O O-O 9. Qf3 Nc6 10.
Be3 Nxd4 11. Bxd4 e5 12. Be3 Be6 13. Bg5 b5 14. Bxf6 Bxf6 15. Rad1 Qc7 16. Rd2 b4 17. Nd5 Bxd5 18. Bxd5 Rac8 19. g3 Bg5 20. Re2 a5 21. h4 Bh6 22. Kg2 Kh8 23. Rd1 a4 24. Qh5 Qe7 25. Qg4 a3 26. b3 Rc3 27. Qh5 Kg8 28. g4 Bf4 29. g5 g6 30. Qh6 Rfc8 31. Bc4 R8xc4 32. bxc4 Qe6 33. f3 Qxc4 34. Rf2 Rxc2 35. Rxd6 Rxf2+ 0-1

[Event "*** SCC Grand Prix: Titled Tuesday Blitz"]
[Site "Chess.com"]
[Date "2020.07.21"]
[Round "6"]
[White "Th3_Hound"]
[Black "exoticprincess"]
[Result "0-1"]
[WhiteElo "2594"]
[BlackElo "2841"]
[TimeControl "180+1"]
[EndTime "11:06:10 PDT"]
[Termination "exoticprincess won by resignation"]

1. e4 e5 2. Nf3 Nf6 3. Nxe5 d6 4. Nf3 Nxe4 5. Bd3 Nc5 6. Be2 d5 7. d4 Ne4 8. O-O Bd6 9. c4 c6 10. Nc3 O-O 11. Bd3 Re8 12. Re1 Nxc3 13. bxc3 Rxe1+ 14. Qxe1 Nd7 15. c5 Bc7 16. Bg5 f6 17. Bh4 Nf8 18. Bg3 Bg4 19. Nd2 Qd7 20. Rb1 Re8 21.
Qf1 b6 22. cxb6 axb6 23. Bxc7 Qxc7 24. Nb3 Ra8 25. Rb2 Bh5 26. c4 Bf7 27. c5 b5 28.
Qe1 Bg6 29. Bf1 Ra4 30. Qe3 Qa7 31. Qd2 Ne6 32. Qe3 Bf7 33. Qd2 Ra3 34. Be2 Ra4 35.
Bf1 Ng5 36. Bd3 Bg6 37. Bf1 Ne4 38. Qe2 Bf7 39. Qg4 Qc7 40. Bd3 h5 41. Qd1 Nc3 42.
Qc2 b4 43. Nc1 Qa5 44. g3 Nb5 45. Bxb5 Qxb5 46. Qf5 Qa6 47. Qd7 Qc4 48. Ne2 Rxa2 49.
Qd8+ Kh7 0-1

[Event "*** SCC Grand Prix: Titled Tuesday Blitz"]
[Site "Chess.com"]
[Date "2020.07.21"]
[Round "6"]
[White "Igor_Lysyj"]
[Black "Indianlad"]
[Result "0-1"]
[WhiteElo "2819"]
[BlackElo "2980"]
[TimeControl "180+1"]
[EndTime "11:06:11 PDT"]
[Termination "Indianlad won by resignation"]

1. d4 d5 2. c4 e6 3. Nf3 a6 4. Bg5 Be7 5. Bxe7 Qxe7 6. Nbd2 Nf6 7. Rc1 O-O 8. g3 b6 9. Bg2 Bb7 10. cxd5 exd5 11. O-O c5 12. Qb3 c4 13. Qxb6 Nc6 14.
Ne5 Rfc8 15. e3 Rab8 16. Nxc6 Bxc6 17. Qa5 Rxb2 18. Qxa6 Qc7 19. Nxc4 dxc4 20. Rxc4 Rb6 21. Qa5 Qb7 22. Rfc1 h5 23. Qc3 Bxg2 24. Rxc8+ Kh7 25.
Qc7 Qf3 26. Qxb6 Bh3 27. Qc6 Ne4 28. Rh8+ Kxh8 29. Qe8+ Kh7 0-1

[Event "*** SCC Grand Prix: Titled Tuesday Blitz"]
[Site "Chess.com"]
[Date "2020.07.21"]
[Round "6"]
[White "Yashasd1995"]
[Black "goofypenguin96"]
[Result "1-0"]
[WhiteElo "2549"]
[BlackElo "2373"]
[TimeControl "180+1"]
[EndTime "11:06:11 PDT"]
[Termination "Yashasd1995 won by checkmate"]

1. b3 Nf6 2. Bb2 d5 3. e3 c5 4. f4 Nc6 5. Nf3 g6 6. Bb5 Bg7 7. Bxc6+ bxc6 8. O-O O-O 9. Ne5 Bb7 10. d3 Nd7 11.
Qe1 f6 12. Nxd7 Qxd7 13. e4 e5 14. f5 gxf5 15. Rxf5 c4 16. bxc4 dxc4 17. dxc4 Rab8 18. Nc3 Qd4+ 19. Rf2 Ba6 20. Ba3 Rf7 21. Na4 Bh6 22. Kh1 Qxc4 23. Nc5 Bc8 24. Nb3 Bg4 25.
h3 Bh5 26. Bc1 Bg7 27. Be3 Qxe4 28. Qc3 f5 29. Re1 Qa4 30. Bc5 e4 31. Qg3 Bg6 32. Qxb8+ Bf8 33. Rd2 Kg7 34. Qe5+ Kh6 35. Be3+ Kh5 36.
Qf4 Be7 37. Qh6# 1-0

[Event "*** SCC Grand Prix: Titled Tuesday Blitz"]
[Site "Chess.com"]
[Date "2020.07.21"]
[Round "6"]
[White "Panterov"]
[Black "ChristianAlm"]
[Result "0-1"]
[WhiteElo "2179"]
[BlackElo "2528"]
[TimeControl "180+1"]
[EndTime "11:06:13 PDT"]
[Termination "ChristianAlm won by resignation"]

1. e4 c5 2. b3 Nc6 3. Bb2 d6 4. Nc3 Nf6 5. g3 g6 6. Bg2 Bg7 7. Nge2 O-O 8. f4 e6 9. O-O a6 10. a4 d5 11. e5 Ne8 12. d4 cxd4 13. Nxd4 Qb6 14. Ne2 Bd7 15. Kh1 Rc8 16. Ba3 f6 17. Nxc6 Bxc6 18. Nd4 fxe5 19. Bxf8 exd4 20. a5 Qa7 21.
Bxg7 Nxg7 22. Re1 Bd7 23. Qd2 Qc5 24. Rad1 Nf5 25. Bh3 Ne3 26. Rc1 Qc3 27. Qd3 Kf7 28. g4 Nxc2 29. Qxc3 Rxc3 30. Rf1 Ne3 31. Rfe1 Rxc1 32.
Rxc1 d3 33. f5 d2 34. fxg6+ hxg6 35. Rb1 d1=Q+ 36. Rxd1 Nxd1 0-1

[Event "*** SCC Grand Prix: Titled Tuesday Blitz"]
[Site "Chess.com"]
[Date "2020.07.21"]
[Round "6"]
[White "ferdipy"]
[Black "Larina_Marija"]
[Result "1-0"]
[WhiteElo "2329"]
[BlackElo "2108"]
[TimeControl "180+1"]
[EndTime "11:06:15 PDT"]
[Termination "ferdipy won by resignation"]

1. e4 c6 2. d4 d5 3. Nc3 dxe4 4. Nxe4 Nf6 5. Ng3 Bg4 6. Be2 Bxe2 7. N1xe2 e6 8. O-O Bd6 9. Bf4 O-O 10. Bxd6 Qxd6 11. c4 Rd8 12. Qd3 h6 13. Nc3 Na6 14. a3 Qxd4 15.
Qf3 Nc5 16. Rfd1 Qxc4 17. Rxd8+ Rxd8 18. Rc1 Nb3 19. Re1 Rd2 20. Nce4 Nxe4 21. Nxe4 Rxb2 22. Nd6 Qd4 23. Qxf7+ Kh7 24. Ne8 Nd2 25. h3 Nc4 26.
Rxe6 Nd2 27. g3 Rb1+ 28. Kg2 Qd5+ 29. f3 Qd4 30. Nf6+ Qxf6 31. Rxf6 Rb2 32. Qg6+ Kg8 33. Rf7 Ne4+ 34. Kf1 Rb1+ 35. Ke2 Nc3+ 36. Kd2 Rd1+ 37.
Kxc3 Rd3+ 38. Kxd3 1-0

[Event "*** SCC Grand Prix: Titled Tuesday Blitz"]
[Site "Chess.com"]
[Date "2020.07.21"]
[Round "6"]
[White "OnePeculiarConundrum"]
[Black "Harry_Rakkel"]
[Result "0-1"]
[WhiteElo "2335"]
[BlackElo "2538"]
[TimeControl "180+1"]
[EndTime "11:06:16 PDT"]
[Termination "Harry_Rakkel won by checkmate"]

1. e4 c5 2. Nf3 d6 3. d4 cxd4 4. Qxd4 Nc6 5. Bb5 Bd7 6. Bxc6 Bxc6 7. O-O Nf6 8. Re1 e6 9. Nc3 Be7 10. Bg5 Qc7 11. Rad1 O-O 12. Qd3 a6 13. a4 Rfd8 14.
Nd4 Be8 15. Qg3 Rac8 16. Re3 Qb6 17. Rf3 Nh5 18. Qh4 Bxg5 19. Qxg5 g6 20. b3 Rc5 21. Qd2 Rdc8 22. Nde2 R5c6 23. Rd3 Qa5 24. h3 Nf6 25. Kh2 Kg7 26. Rf3 Qe5+ 27. Qf4 Qxf4+ 28.
Rxf4 Rxc3 29. Nxc3 Rxc3 30. Rxd6 Rxc2 31. e5 Nd5 32.
Rc4 Rxf2 33. Rc8 Bc6 34. b4 Ne3 35. Rcxc6 bxc6 36. Rxc6 Rxg2+ 37. Kh1 Rb2 38. Rxa6 Rxb4 39. Ra7 Nc4 40. a5 Nxe5 41. a6 Ra4 42. Ra8 Ra2 43.
Kg1 Nf3+ 44. Kf1 e5 45. a7 e4 46. h4 e3 47. Re8 Rf2# 0-1